[Event "42nd Olympiad Baku 2016 Women"]
[Site "Baku"]
[Date "2016.09.04"]
[Round "3.17"]
[White "Milligan, Helen"]
[Black "Mena, Ailen Oriana"]
[Result "1-0"]
[ECO "C55"]
[WhiteElo "2040"]
[BlackElo "1715"]
[Annotator ""]
[PlyCount "169"]
[EventDate "2016.??.??"]
[EventCountry "AZE"]
[SourceTitle "playchess.com"]
[Source "ChessBase"]
[WhiteTeam "New Zealand"]
[BlackTeam "Netherlands Antilles"]
[WhiteTeamCountry "NZL"]
[BlackTeamCountry "AHO"]
[TimeControl "40/5400+30:1800+30"]

1. e4 {(00:00)} e5 {(00:00)} 2. Nf3 {(00:00)} Nc6 {
(00:06)} 3. Bc4 {(00:00)} Nf6 {(00:48)} 4. d3 {(00:
36)} Be7 {(01:09)} 5. c3 {(01:36)} O-O {(02:01)} 6. Nbd2 {
(03:13)} d6 {(01:16)} 7. Bb3 {(01:34)} Na5 {(03:30]
} 8. Bc2 {(00:44)} c5 {(01:13)} 9. Qe2 {(04:50)} Nc6 {
(02:11)} 10. Nf1 {(04:31)} Re8 {(04:32)} 11. Ng3 {(
03:28)} h6 {(02:15)} 12. O-O {(00:39)} Bf8 {(01:38)} 13.
h3 {(09:25)} g6 {(05:32)} 14. Nh2 {(05:25)} Bg7 {(
05:39)} 15. f4 {(04:49)} d5 {(16:42)} 16. f5 {(06:51)} Qb6
{(15:36)} 17. Kh1 {(01:51)} Kh7 {(01:41)} 18. Ng4 {
(05:27)} Nxg4 {(07:47)} 19. hxg4 {(00:36)} Ne7 {(
03:55)} 20. Qf3 {(04:51)} dxe4 {(03:57)} 21. dxe4 {(00:28]
} Qf6 {(04:02)} 22. Be3 {(06:31)} b6 {(00:36)} 23. Ba4 {
(03:57)} Rf8 {(01:51)} 24. Rfd1 {(01:41)} Rb8 {(01:
13)} 25. Rd2 {(01:37)} gxf5 {(01:16)} 26. gxf5 {(00:57)}
Bb7 {(07:38)} 27. Rad1 {(03:56)} Qh4+ {(00:45)} 28. Kg1 {
(00:10)} Ng8 {(01:26)} 29. Bc2 {(10:40)} Rbd8 {(01:
21)} 30. Bf2 {(01:39)} Qe7 {(00:29)} 31. Nh5 {(01:16)} Bf6
{(01:27)} 32. Nxf6+ {(01:07)} Qxf6 {(00:11)} 33. Qg3 {
(01:57)} Rxd2 {(00:45)} 34. Rxd2 {(00:04)} Qg5 {(
00:17)} 35. Qxg5 {(00:21)} hxg5 {(00:12)} 36. Rd7 {(00:20]
} Bc6 {(00:24)} 37. Rxa7 {(00:34)} Nf6 {(00:13)} 38. Re7 {
(02:21)} Bxe4 {(01:32)} 39. Bxe4 {(00:23)} Nxe4 {(
00:06)} 40. Rxe5 {(00:00)} Nd6 {(00:00)} 41. Rd5 {(07:37)}
Nc8 {(04:48)} 42. b4 {(01:56)} cxb4 {(00:56)} 43. cxb4 {
(00:08)} Ne7 {(01:14)} 44. Rb5 {(01:20)} Ra8 {(01:
29)} 45. Rxb6 {(01:12)} Rxa2 {(01:44)} 46. g4 {(03:21)}
Nd5 {(03:07)} 47. Rb7 {(03:54)} Kg8 {(03:13)} 48. Rb8+ {
(01:43)} Kh7 {(00:25)} 49. Bd4 {(01:17)} f6 {(00:
49)} 50. Rb5 {(03:34)} Nf4 {(01:25)} 51. Bxf6 {(00:59)}
Ne2+ {(01:22)} 52. Kf1 {(00:28)} Ng3+ {(00:20)} 53. Ke1 {
(00:26)} Ne4 {(01:38)} 54. Bd4 {(02:34)} Nd2 {(06:
58)} 55. Be3 {(02:43)} Nf3+ {(00:23)} 56. Kd1 {(00:24)}
Nh2 {(04:51)} 57. Bxg5 {(02:28)} Nxg4 {(00:16)} 58. Rb7+ {
(00:37)} Kg8 {(00:35)} 59. f6 {(01:10)} Rf2 {(00:
48)} 60. Bh4 {(01:23)} Ne3+ {(00:56)} 61. Kc1 {(00:15)}
Rf5 {(01:43)} 62. Kd2 {(00:53)} Nd5 {(00:20)} 63. Kd3 {
(01:26)} Nxf6 {(01:48)} 64. Bxf6 {(00:31)} Rxf6 {(
00:04)} 65. Re7 {(00:53)} Kf8 {(00:55)} 66. Re4 {(00:25)}
Rc6 {(01:46)} 67. Kd4 {(00:55)} Rc1 {(00:37)} 68. Kd5 {
(00:34)} Rd1+ {(00:35)} 69. Kc5 {(00:31)} Rc1+ {(
00:31)} 70. Kb6 {(00:05)} Rh1 {(00:21)} 71. b5 {(01:01)}
Rh6+ {(00:27)} 72. Kc7 {(00:30)} Rh7+ {(00:38)} 73. Kd6 {
(00:48)} Rh6+ {(00:52)} 74. Re6 {(00:37)} Rh3 {(00:
33)} 75. b6 {(01:21)} Rd3+ {(00:30)} 76. Kc7 {(00:08)}
Rc3+ {(00:49)} 77. Kb8 {(00:13)} Kf7 {(00:22)} 78. Re4 {
(00:30)} Rc6 {(00:44)} 79. b7 {(00:18)} Rc3 {(00:
21)} 80. Ka7 {(00:48)} Ra3+ {(00:37)} 81. Kb6 {(00:08)}
Rb3+ {(00:13)} 82. Ka6 {(00:05)} Rb2 83. Re5 {(00:13)}
Ra2+ {(01:19)} 84. Kb6 {(00:15)} Rb2+ {(00:29)} 85. Rb5 {
(00:06)} 1-0

[Event "42nd Olympiad Baku 2016 Women"]
[Site "Baku"]
[Date "2016.09.04"]
[Round "3.5"]
[White "Nosimilo Mkhonto"]
[Black "Joshi, Sindira"]
[Result "0-1"]
[ECO "A46"]
[WhiteElo "1392"]
[BlackElo "1574"]
[Annotator ""]
[PlyCount "74"]
[EventDate "2016.??.??"]
[EventCountry "AZE"]
[SourceTitle "playchess.com"]
[Source "ChessBase"]
[WhiteTeam "SWZ"]
[BlackTeam "NEP"]
[BlackTeamCountry "NEP"]
[TimeControl "40/5400+30:1800+30"]

1. d4 {(00:00)} Nf6 {(00:00)} 2. Bf4 {(00:00)} e6 {
(00:07)} 3. e3 {(00:00)} c5 {(00:57)} 4. Nf3 {(00:
41)} Nc6 {(00:55)} 5. h3 {(02:33)} cxd4 {(00:43)} 6. Nxd4
{(00:15)} d6 7. Bh2 {(00:47)} e5 {(05:48)} 8. Nf3 {
(07:00)} Be7 {(00:59)} 9. Bc4 {(10:57)} d5 {(04:29]
} 10. Bb5 {(10:41)} Qa5+ {(05:50)} 11. Nc3 {(00:27)} Bb4 {
(12:09)} 12. Bxc6+ {(01:33)} bxc6 {(00:07)} 13. Bxe5 {
(03:00)} Ba6 {(03:42)} 14. a3 {(10:03)} Be7 {(00:
34)} 15. b4 {(01:45)} Qd8 {(00:57)} 16. Ne2 {(01:09)} O-O
{(01:34)} 17. O-O {(00:20)} Re8 {(05:34)} 18. Re1 {
(09:17)} Nd7 {(02:34)} 19. Bf4 {(02:11)} Nb6 {(01:
45)} 20. Ned4 {(07:07)} Bb7 {(07:50)} 21. Ne5 {(04:26)}
Rc8 {(04:44)} 22. Qh5 {(07:44)} Rf8 {(02:54)} 23. Nf5 {
(06:45)} Bf6 {(05:15)} 24. Ng4 {(07:26)} g6 {(05:
41)} 25. Nfh6+ {(02:40)} Kh8 {(03:54)} 26. Nxf7+ {(01:14)}
Rxf7 {(00:14)} 27. Qh6 {(00:18)} Bg7 {(01:21)} 28. Be5 {
(00:23)} Bxe5 {(00:22)} 29. Nxe5 {(00:07)} Rf6 {(
01:36)} 30. g4 {(00:52)} Qf8 {(00:45)} 31. Qh4 {(01:14)}
Re8 {(00:53)} 32. Nf3 {(00:46)} Rxf3 {(00:16)} 33. Red1 {
(00:30)} Qf6 {(01:05)} 34. g5 {(00:37)} Qf5 {(00:
28)} 35. Qd4+ {(00:12)} Kg8 {(01:26)} 36. Qh4 {(00:59)}
Re4 {(03:31)} 37. Qh6 {(00:42)} Rxh3 {(00:35)} 0-1

[Event "42nd Olympiad Baku 2016 Women"]
[Site "Baku"]
[Date "2016.09.04"]
[Round "3.20"]
[White "Morera Campos, Hazel Maria"]
[Black "Safar, Alshaymaa"]
[Result "1-0"]
[ECO "B01"]
[WhiteElo "1822"]
[BlackElo "1603"]
[Annotator ""]
[PlyCount "51"]
[EventDate "2016.??.??"]
[EventCountry "AZE"]
[SourceTitle "playchess.com"]
[Source "ChessBase"]
[WhiteTeam "Costa Rica"]
[BlackTeam "Qatar"]
[WhiteTeamCountry "CRI"]
[BlackTeamCountry "QAT"]
[TimeControl "40/5400+30:1800+30"]

1. e4 {(01:43)} d5 {(00:00)} 2. exd5 {(00:04)} Qxd5 {
(00:00)} 3. Nc3 {(00:09)} Qd6 {(00:00)} 4. d4 {(00:
06)} Nf6 {(00:33)} 5. Nf3 {(00:18)} g6 {(01:39)} 6. Nb5 {
(01:05)} Qd8 {(02:35)} 7. Bf4 {(01:01)} Na6 {(02:
07)} 8. Be2 {(02:18)} Bf5 {(04:20)} 9. c3 {(02:44)} c6 {
(01:39)} 10. Na3 {(00:07)} Nc7 {(01:08)} 11. Qc1 {(
03:38)} Bg7 {(01:48)} 12. O-O {(00:51)} O-O {(00:13)} 13.
Nc4 {(01:54)} Ncd5 {(01:11)} 14. Bh6 Ng4 {(12:19)} 15.
Bxg7 {(10:22)} Kxg7 {(00:03)} 16. h3 {(08:47)} Ngf6 {
(00:07)} 17. Nce5 {(01:47)} Qc8 {(01:56)} 18. Re1 {
(09:16)} h5 {(07:02)} 19. Nh4 {(14:33)} Be6 {(03:
55)} 20. Bd3 {(03:56)} Nh7 {(09:19)} 21. Be4 {(06:43)}
Ndf6 {(03:12)} 22. Bd3 {(03:34)} Nd5 {(01:27)} 23. Qd2 {
(13:12)} Ndf6 {(10:36)} 24. Re3 {(02:33)} Nd7 {(02:
42)} 25. Nexg6 {(00:57)} fxg6 {(02:02)} 26. Rxe6 {(00:09)}
1-0

[Event "42nd Olympiad Baku 2016 Women"]
[Site "Baku"]
[Date "2016.09.04"]
[Round "3.16"]
[White "Motycakova, Monika"]
[Black "Drljevic, Ljilja"]
[Result "1/2-1/2"]
[ECO "B09"]
[WhiteElo "2109"]
[BlackElo "2207"]
[Annotator ""]
[PlyCount "129"]
[EventDate "2016.??.??"]
[EventCountry "AZE"]
[SourceTitle "playchess.com"]
[Source "ChessBase"]
[WhiteTeam "Slovakia"]
[BlackTeam "Serbia"]
[WhiteTeamCountry "SVK"]
[BlackTeamCountry "SRB"]
[TimeControl "40/5400+30:1800+30"]

1. e4 {(00:00)} g6 {(00:00)} 2. d4 {(00:00)} Bg7 {(
00:00)} 3. Nc3 {(00:00)} d6 {(00:00)} 4. f4 {(00:00)} Nf6
{(00:00)} 5. Nf3 {(00:07)} O-O {(00:00)} 6. Bd3 {(
00:35)} Nc6 {(00:32)} 7. O-O {(09:30)} e5 {(00:21)} 8.
fxe5 {(07:30)} dxe5 {(00:12)} 9. d5 {(00:12)} Ne7 {
(00:32)} 10. h3 {(17:37)} c6 {(05:31)} 11. dxc6 {(
02:30)} Nxc6 {(00:30)} 12. Be3 {(00:28)} Qd6 {(09:00)} 13.
a3 {(08:11)} Be6 {(07:36)} 14. Qe1 {(07:26)} Nh5 {(
13:17)} 15. Rd1 {(12:18)} Nd4 {(07:37)} 16. Ng5 {(10:08)}
Rac8 {(21:36)} 17. Nb5 {(09:39)} Qb6 {(01:25)} 18. c3 {
(08:15)} a6 {(01:01)} 19. cxd4 {(01:26)} exd4 {(00:
15)} 20. Bd2 {(01:51)} axb5 {(11:30)} 21. e5 {(01:44)} Bb3
{(02:15)} 22. Rc1 {(00:33)} Rce8 {(02:24)} 23. Nf3 {
(00:34)} Bd5 {(01:54)} 24. Ba5 {(00:44)} Qa6 {(06:
03)} 25. Bb4 {(00:04)} Bxf3 {(00:48)} 26. Bxf8 {(00:04)}
Kxf8 {(06:55)} 27. Rxf3 {(00:08)} Bxe5 {(00:11)} 28. Qb4+
{(01:37)} Qd6 {(01:30)} 29. Qxd6+ {(00:09)} Bxd6 {(
00:02)} 30. Bxb5 {(00:08)} Re7 {(00:31)} 31. Rc8+ {(01:12]
} Kg7 {(00:02)} 32. Bc4 {(00:23)} Ng3 {(01:46)} 33. a4 {
(00:53)} Nf5 {(00:36)} 34. g4 {(00:17)} Ne3 {(00:
27)} 35. Bd3 {(00:15)} g5 {(00:29)} 36. Kf2 {(00:26)} Nd1+
{(00:10)} 37. Kf1 {(00:23)} Nxb2 {(00:15)} 38. Bc2 {
(00:38)} Be5 {(00:59)} 39. Rc5 {(00:52)} Bf6 {(00:
41)} 40. Rcf5 {(00:00)} Re6 {(00:00)} 41. Bb3 {(20:38)}
Rc6 {(09:39)} 42. Ke1 {(06:20)} d3 {(04:21)} 43. Rxf6 {
(02:13)} Rxf6 {(00:02)} 44. Rxf6 {(00:16)} Kxf6 {(
00:02)} 45. Kd2 {(00:08)} Ke5 {(00:44)} 46. Kc3 {(00:13)}
Nxa4+ {(00:18)} 47. Bxa4 {(00:01)} f5 {(09:31)} 48. Kxd3 {
(03:36)} fxg4 {(02:02)} 49. hxg4 {(00:00)} Kf4 {(
01:33)} 50. Bd1 {(00:47)} Ke5 {(00:17)} 51. Kc4 {(00:49)}
Kf6 {(01:09)} 52. Kb5 {(00:51)} h5 {(00:42)} 53. gxh5 {
(00:07)} g4 {(00:13)} 54. Bxg4 {(00:22)} Kg5 {(00:
08)} 55. Bd1 {(00:07)} b6 {(00:25)} 56. Kxb6 {(00:25)} Kh6
{(00:09)} 57. Kc7 {(00:11)} Kg7 {(00:16)} 58. Kd6 {
(00:17)} Kh8 {(00:48)} 59. Ke6 {(00:12)} Kg7 {(00:
10)} 60. Bc2 {(00:13)} Kh8 {(00:31)} 61. Kf6 {(00:10)} Kg8
{(00:08)} 62. Kg6 {(00:22)} Kh8 {(00:09)} 63. Kh6 {
(00:13)} Kg8 {(00:03)} 64. Bb3+ {(00:05)} Kh8 {(00:
05)} 65. Bc4 1/2-1/2

[Event "42nd Olympiad Baku 2016 Women"]
[Site "Baku"]
[Date "2016.09.04"]
[Round "3.6"]
[White "Munoz Santana, Doribel"]
[Black "Georgescu, Lena"]
[Result "1/2-1/2"]
[ECO "E61"]
[WhiteElo "1899"]
[BlackElo "2164"]
[Annotator ""]
[PlyCount "93"]
[EventDate "2016.??.??"]
[EventCountry "AZE"]
[SourceTitle "playchess.com"]
[Source "ChessBase"]
[WhiteTeam "Dominican Republic"]
[BlackTeam "Switzerland"]
[WhiteTeamCountry "DOM"]
[BlackTeamCountry "SUI"]
[TimeControl "40/5400+30:1800+30"]

1. d4 {(00:00)} Nf6 {(00:00)} 2. c4 {(00:00)} g6 {(
00:00)} 3. Nc3 {(00:00)} Bg7 {(00:00)} 4. Nf3 {(00:00)}
O-O {(00:00)} 5. Bf4 {(00:42)} d6 {(00:17)} 6. g3 {
(01:24)} Nc6 {(12:21)} 7. Bg2 {(01:15)} Nh5 {(01:
26)} 8. Be3 {(03:53)} f5 {(07:15)} 9. Qd2 {(01:34)} e5 {
(08:32)} 10. dxe5 {(07:31)} dxe5 {(08:15)} 11. Qd5+ {
(03:50)} Qxd5 {(08:15)} 12. Nxd5 {(00:33)} e4 {(03:
39)} 13. Ng5 {(07:37)} h6 {(03:20)} 14. Nh3 {(00:09)} Rf7
{(04:21)} 15. Nhf4 {(03:45)} Nxf4 {(00:15)} 16. Bxf4 {
(00:19)} Ne5 {(02:40)} 17. O-O-O {(18:57)} c6 {(03:
47)} 18. Bxe5 {(05:14)} Bxe5 {(00:46)} 19. Nf4 {(04:44)}
Bxf4+ {(12:33)} 20. gxf4 {(00:16)} Be6 {(00:27)} 21. b3 {
(00:12)} Kg7 {(02:22)} 22. Rd6 {(00:39)} Kf6 {(00:
38)} 23. h4 {(02:33)} Rd7 {(00:53)} 24. Rxd7 {(02:25)}
Bxd7 {(00:01)} 25. Rd1 {(00:07)} Be6 {(01:34)} 26. f3 {
(00:42)} exf3 {(01:46)} 27. Bxf3 {(00:04)} Rg8 {(
01:10)} 28. Rg1 {(01:37)} Rd8 {(00:51)} 29. Rd1 {(00:10)}
Rg8 {(01:49)} 30. Rg1 {(00:14)} Re8 {(00:15)} 31. Rd1 {
(00:48)} Ke7 {(01:54)} 32. Rg1 {(04:08)} Rg8 {(01:
17)} 33. Kc2 {(01:52)} a5 {(00:28)} 34. Kc3 {(05:56)} Kf6
{(01:49)} 35. Rd1 {(04:38)} Ra8 {(01:32)} 36. a4 {(
00:30)} Rc8 {(01:31)} 37. Kb2 {(01:24)} Rb8 {(00:56)} 38.
Kc3 {(00:41)} Ke7 {(01:23)} 39. Rg1 {(00:31)} Bf7 {
(01:13)} 40. Rd1 {(00:00)} Be8 {(00:00)} 41. Kc2 {(
03:50)} Rc8 {(04:20)} 42. Kb2 {(02:59)} Rb8 {(03:10)} 43.
Kc3 {(00:44)} Kf7 {(10:57)} 44. Rd6 {(07:19)} Ke7 {
(01:47)} 45. Rd1 {(00:36)} Kf7 {(03:15)} 46. Rd6 {(
00:11)} Ke7 {(00:02)} 47. Rd1 {(00:16)} 1/2-1/2

[Event "42nd Olympiad Baku 2016 Women"]
[Site "Baku"]
[Date "2016.09.04"]
[Round "3.26"]
[White "Murray, Donna"]
[Black "Kannappan, Sigappi"]
[Result "0-1"]
[ECO "A48"]
[WhiteElo "1419"]
[BlackElo "1864"]
[Annotator ""]
[PlyCount "88"]
[EventDate "2016.??.??"]
[EventCountry "AZE"]
[SourceTitle "playchess.com"]
[Source "ChessBase"]
[WhiteTeam "Barbados"]
[BlackTeam "Hong Kong"]
[WhiteTeamCountry "BAR"]
[BlackTeamCountry "HKG"]
[TimeControl "40/5400+30:1800+30"]

1. d4 {(00:00)} Nf6 {(00:00)} 2. Nf3 {(00:00)} g6 {
(00:00)} 3. c4 {(00:00)} Bg7 {(00:09)} 4. Nc3 {(00:
34)} d6 {(00:10)} 5. e3 {(01:02)} O-O {(00:30)} 6. Be2 {
(00:24)} Nbd7 {(00:49)} 7. O-O {(00:39)} c6 {(03:
43)} 8. b4 {(03:39)} e5 {(08:56)} 9. dxe5 {(04:20)} dxe5 {
(01:47)} 10. Bb2 {(00:43)} Qc7 {(02:21)} 11. h3 {(
02:42)} Ne8 {(04:11)} 12. Qc2 {(02:02)} f5 {(06:41)} 13.
Rac1 {(02:13)} h6 {(08:05)} 14. a4 {(12:02)} Nef6 {
(05:23)} 15. c5 {(11:14)} e4 {(05:13)} 16. Nd2 {(
07:30)} Ne5 {(02:51)} 17. Rfd1 {(00:57)} Be6 {(00:34)} 18.
b5 {(01:49)} Rad8 {(04:44)} 19. Ra1 {(06:44)} Qf7 {
(04:23)} 20. a5 {(07:36)} Nd3 {(10:03)} 21. bxc6 {(
06:13)} bxc6 {(00:35)} 22. Rab1 {(02:21)} Nxb2 {(01:31)}
23. Qxb2 {(02:20)} Nd5 {(00:09)} 24. Rdc1 {(02:10)} Nxc3 {
(01:45)} 25. Rxc3 {(00:40)} Bxc3 {(00:27)} 26. Qxc3 {
(00:13)} Qg7 {(03:26)} 27. Qb4 {(02:49)} Rb8 {(02:
32)} 28. Qxb8 {(03:55)} Rxb8 {(00:05)} 29. Rxb8+ {(00:10)}
Kh7 {(00:04)} 30. a6 {(00:20)} Qa1+ {(03:25)} 31. Kh2 {
(01:08)} Qe5+ {(00:05)} 32. g3 {(01:16)} Qxb8 {(00:
06)} 33. Nc4 {(04:25)} Bxc4 {(00:09)} 34. Bxc4 {(00:09)}
Qb4 {(00:08)} 35. Bf1 {(02:10)} Qxc5 {(00:12)} 36. h4 {
(00:33)} Qc1 {(00:28)} 37. Bh3 {(01:16)} c5 {(00:
49)} 38. h5 {(00:21)} c4 {(00:43)} 39. g4 {(03:22)} f4 {
(00:06)} 40. g5 {(00:00)} hxg5 {(00:00)} 41. Kg2 {(
04:17)} f3+ {(00:45)} 42. Kh2 {(01:13)} Qe1 {(00:12)} 43.
Kg3 {(01:51)} Qg1+ {(00:02)} 44. Bg2 {(01:20)} Qxg2# {
(00:04)} 0-1

[Event "42nd Olympiad Baku 2016 Women"]
[Site "Baku"]
[Date "2016.09.04"]
[Round "3.2"]
[White "Muzychuk, Mariya"]
[Black "Paikidze, Nazi"]
[Result "1/2-1/2"]
[ECO "B18"]
[WhiteElo "2539"]
[BlackElo "2366"]
[Annotator ""]
[PlyCount "130"]
[EventDate "2016.??.??"]
[EventCountry "AZE"]
[SourceTitle "playchess.com"]
[Source "ChessBase"]
[WhiteTeam "Ukraine"]
[BlackTeam "United States"]
[WhiteTeamCountry "UKR"]
[BlackTeamCountry "USA"]
[TimeControl "40/5400+30:1800+30"]

1. e4 {(00:00)} c6 {(00:00)} 2. d4 {(00:00)} d5 {(
00:00)} 3. Nc3 {(00:03)} dxe4 {(00:00)} 4. Nxe4 {(00:05)}
Bf5 {(00:00)} 5. Ng3 {(00:12)} Bg6 {(00:01)} 6. Nf3 {
(00:30)} Nd7 {(00:18)} 7. Bd3 {(00:16)} e6 {(04:14]
} 8. O-O {(00:27)} Ngf6 {(01:10)} 9. Bxg6 {(02:32)} hxg6 {
(00:06)} 10. Bg5 {(00:36)} Be7 {(09:01)} 11. c4 {(
05:09)} O-O {(03:19)} 12. Qe2 {(04:23)} Qb6 {(08:07)} 13.
Rad1 {(06:42)} Rfe8 {(02:03)} 14. Ne5 {(07:38)} Rad8 {
(01:43)} 15. Rfe1 {(00:47)} c5 {(13:38)} 16. Nxd7 {
(05:11)} Nxd7 {(05:28)} 17. dxc5 {(00:51)} Nxc5 {(
02:25)} 18. Bxe7 {(02:14)} Rxe7 {(03:42)} 19. b4 {(06:42)}
Rxd1 {(02:21)} 20. Rxd1 {(00:11)} Nd7 {(00:55)} 21. a3 {
(00:46)} Nf6 {(01:21)} 22. Ne4 {(01:19)} Nxe4 {(01:
59)} 23. Qxe4 {(00:05)} Re8 {(08:44)} 24. g3 {(04:16)} Qc7
{(01:28)} 25. c5 {(11:12)} Rc8 {(07:01)} 26. Rd4 {(
05:06)} Kf8 {(04:49)} 27. Qh4 {(10:42)} Kg8 {(01:56)} 28.
Rd6 {(00:14)} b6 {(00:44)} 29. Qd4 {(00:09)} bxc5 {
(01:12)} 30. bxc5 {(00:08)} e5 {(03:42)} 31. Qxe5 {
(12:32)} Qxc5 {(00:18)} 32. Qxc5 {(00:18)} Rxc5 {(
00:05)} 33. Rd8+ {(00:03)} Kh7 {(00:04)} 34. Rd7 {(00:05)}
Ra5 {(00:21)} 35. Rxf7 {(00:06)} Rxa3 {(00:04)} 36. h4 {
(00:06)} a5 {(01:18)} 37. Ra7 {(00:09)} a4 {(03:12]
} 38. Ra8 {(02:34)} Ra2 {(02:46)} 39. Kg2 {(01:36)} Ra3 {
(01:59)} 40. f3 {(00:00)} Ra1 {(00:00)} 41. Kh3 {(
04:42)} Ra3 {(04:03)} 42. Kg4 {(00:42)} Ra1 {(01:20)} 43.
Ra6 {(08:57)} Ra2 {(02:56)} 44. Kf4 {(04:59)} Ra1 {
(01:20)} 45. g4 {(03:20)} Ra3 {(02:54)} 46. Ra5 {(
00:43)} Ra1 {(02:30)} 47. Kg5 {(01:03)} Ra2 {(07:04)} 48.
f4 {(06:01)} a3 {(02:27)} 49. h5 {(01:51)} gxh5 {(
00:39)} 50. Kxh5 {(00:33)} Rh2+ {(05:34)} 51. Kg5 {(00:36]
} a2 {(00:35)} 52. Ra8 {(00:48)} Rb2 {(01:36)} 53. f5 {
(00:45)} Rf2 {(04:05)} 54. Kh4 {(01:47)} g6 {(01:
43)} 55. Ra7+ {(04:45)} Kg8 {(00:42)} 56. fxg6 {(01:04)}
Rb2 {(01:18)} 57. Kh5 {(00:54)} Rh2+ {(00:59)} 58. Kg5 {
(00:33)} Rb2 {(00:57)} 59. g7 {(01:01)} Rb5+ {(01:
20)} 60. Kh6 {(00:54)} Rb6+ {(00:56)} 61. Kh5 {(00:37)}
a1=Q {(02:29)} 62. Rxa1 {(00:36)} Kxg7 {(00:31)} 63. g5 {
(00:39)} Rc6 {(00:51)} 64. Ra5 {(00:59)} Kg8 {(00:
56)} 65. g6 {(01:06)} Rc1 {(00:38)} 1/2-1/2

[Event "42nd Olympiad Baku 2016 Women"]
[Site "Baku"]
[Date "2016.09.04"]
[Round "3.21"]
[White "Narva, Mai"]
[Black "Dzagnidze, Nana"]
[Result "0-1"]
[ECO "B51"]
[WhiteElo "2238"]
[BlackElo "2522"]
[Annotator ""]
[PlyCount "86"]
[EventDate "2016.??.??"]
[EventCountry "AZE"]
[SourceTitle "playchess.com"]
[Source "ChessBase"]
[WhiteTeam "Estonia"]
[BlackTeam "Georgia"]
[WhiteTeamCountry "EST"]
[BlackTeamCountry "GEO"]
[TimeControl "40/5400+30:1800+30"]

1. e4 {(00:00)} c5 {(00:00)} 2. Nf3 {(00:00)} d6 {(
00:00)} 3. Bb5+ {(00:09)} Nc6 {(00:00)} 4. O-O {(00:18)}
Bd7 {(00:00)} 5. c3 {(00:37)} Nf6 {(00:18)} 6. Re1 {
(00:40)} a6 {(00:06)} 7. Ba4 {(00:40)} b5 {(05:12)}
8. Bc2 {(00:18)} e5 {(00:21)} 9. a4 {(02:50)} b4 {(
04:48)} 10. d3 {(08:58)} Be7 {(01:07)} 11. h3 {(02:33)}
O-O {(01:54)} 12. Nbd2 {(01:37)} h6 {(12:31)} 13. d4 {
(05:50)} bxc3 {(24:09)} 14. bxc3 {(00:14)} cxd4 {(
00:44)} 15. cxd4 {(00:25)} Rc8 {(01:58)} 16. Nb3 {(13:33)}
Nb4 {(01:31)} 17. Bb1 {(00:34)} exd4 {(00:57)} 18. Nbxd4 {
(02:04)} d5 {(05:53)} 19. e5 {(13:02)} Ne4 {(00:25]
} 20. Bb2 {(25:36)} Nc3 {(04:10)} 21. Bxc3 {(02:02)} Rxc3
{(00:03)} 22. Ne2 {(06:32)} Rc4 {(04:50)} 23. Nd2 {
(02:31)} Rc8 {(00:30)} 24. Nf4 {(00:32)} Bc5 {(17:
06)} 25. Nf3 {(07:01)} Be6 {(01:48)} 26. Nd3 {(00:53)} a5
{(03:48)} 27. Rf1 {(02:49)} Qb6 {(00:58)} 28. Nh4 {
(01:01)} Rfd8 {(01:12)} 29. Qf3 {(00:37)} Bd4 {(02:
06)} 30. Ra3 {(00:10)} Nc6 {(02:51)} 31. Nf5 {(00:37)} Rb8
{(00:55)} 32. Qf4 {(00:40)} Bxf5 {(01:04)} 33. Qxf5 {
(00:07)} Ne7 {(00:00)} 34. Qg4 {(00:46)} Re8 {(02:
26)} 35. Ba2 {(00:30)} Bc5 {(01:10)} 36. Nxc5 {(00:33)}
Qxc5 {(00:02)} 37. Rg3 {(00:12)} Ng6 {(00:08)} 38. Bb1 {
(00:47)} Rb6 {(01:14)} 39. h4 {(00:27)} Rxe5 {(00:
21)} 40. Qd7 {(00:00)} Nf8 {(00:00)} 41. Qg4 {(02:53)} Ne6
{(07:07)} 42. Kh1 {(01:43)} Rb4 {(03:45)} 43. f4 {(
00:49)} Rxf4 {(01:21)} 0-1

[Event "42nd Olympiad Baku 2016 Women"]
[Site "Baku"]
[Date "2016.09.04"]
[Round "3.30"]
[White "Nasriddinzoda, Marvorii"]
[Black "Guerrero Rodriguez, Alejandra"]
[Result "0-1"]
[ECO "E62"]
[WhiteElo "2073"]
[BlackElo "2043"]
[Annotator ""]
[PlyCount "92"]
[EventDate "2016.??.??"]
[EventCountry "AZE"]
[SourceTitle "playchess.com"]
[Source "ChessBase"]
[WhiteTeam "Tajikistan"]
[BlackTeam "Mexico"]
[WhiteTeamCountry "TJK"]
[BlackTeamCountry "MEX"]
[TimeControl "40/5400+30:1800+30"]

1. d4 {(00:00)} Nf6 {(00:00)} 2. c4 {(00:00)} g6 {(
00:00)} 3. g3 {(01:26)} Bg7 {(00:15)} 4. Bg2 {(00:05)} O-O
{(01:08)} 5. Nf3 {(00:28)} d6 {(00:21)} 6. Nc3 {(
01:25)} c6 {(00:25)} 7. O-O {(01:34)} Bf5 {(00:14)} 8. Nh4
{(08:27)} Be6 {(00:46)} 9. d5 {(00:31)} cxd5 {(00:
08)} 10. cxd5 {(00:01)} Bd7 {(00:15)} 11. e4 {(05:25)} a5
{(03:22)} 12. Be3 {(11:01)} b5 {(07:16)} 13. a3 {(
02:38)} Na6 {(01:32)} 14. Qe2 {(01:01)} Ng4 {(12:46)} 15.
Bd2 {(14:11)} Nc5 {(03:27)} 16. b4 {(17:33)} Nb3 {(
06:02)} 17. Rab1 {(01:04)} Nxd2 {(02:11)} 18. Qxd2 {(00:
01)} Qb6 {(05:33)} 19. Nf3 {(02:54)} axb4 {(02:40)} 20.
axb4 {(00:14)} Rfc8 {(00:55)} 21. Ne2 {(01:27)} Rc4 {
(01:59)} 22. Qd3 {(04:15)} Ra2 {(02:20)} 23. h3 {(
02:59)} Rcc2 {(02:15)} 24. Rbe1 {(03:38)} Ne5 {(04:56)}
25. Nxe5 {(01:45)} Bxe5 {(01:28)} 26. Kh1 {(02:05)} Rd2 {
(04:18)} 27. Qf3 {(03:10)} Rab2 {(00:23)} 28. Nc1 {
(10:05)} Rxf2 {(02:34)} 29. Rxf2 {(00:06)} Rxf2 {(
00:09)} 30. Qa3 {(01:22)} Rc2 {(01:57)} 31. Qf3 {(02:16)}
Rc3 {(03:31)} 32. Nd3 {(00:54)} Qa7 {(04:00)} 33. Rd1 {
(00:56)} Qa4 {(00:59)} 34. Kh2 {(00:55)} Qc2 {(01:
02)} 35. Qf1 {(00:58)} Bf6 {(03:23)} 36. Qf3 {(00:36)} Qa2
{(02:50)} 37. Qf1 {(00:28)} h5 {(02:07)} 38. Ra1 {(
00:33)} Qd2 {(01:00)} 39. Rd1 {(00:25)} Qg5 {(00:52)} 40.
Qe2 {(00:00)} Be5 {(00:00)} 41. Qf3 {(09:47)} h4 {(
03:16)} 42. Nxe5 {(03:25)} Rxf3 {(00:24)} 43. Nxf3 {(00:
06)} Qxg3+ {(00:58)} 44. Kh1 {(02:27)} Bxh3 {(00:16)} 45.
Ne1 {(01:19)} Bxg2+ {(00:34)} 46. Nxg2 {(00:02)} Qf3 {
(00:13)} 0-1